 Dungeon Crawl Stone Soup version 0.17-a0-1910-g4c791fa (webtiles) character file.

41 derrpe the Twirler (level 3, -4/21 HPs)
             Began as a Gargoyle Gladiator on Sept 25, 2015.
             Slain by an iron imp (8 damage)
             ... summoned by Natasha
             ... on level 3 of the Dungeon.
             The game lasted 00:01:22 (994 turns).

derrpe the Twirler (Gargoyle Gladiator)              Turns: 994, Time: 00:01:22

Health: -4/21      AC:  7    Str: 18    XL:     3   Next: 52%
Magic:  3/3        EV: 12    Int:  9    God:
Gold:   97         SH:  0    Dex: 10    Spells: 0 memorised, 2 levels left

rFire  . . .     SeeInvis .     a - +0 quarterstaff
rCold  . . .     Clarity  .     p - +0 leather armour (curse)
rNeg   + . .     SustAt   .     (no shield)
rPois  ∞         Gourm    .     c - +0 helmet
rElec  +         Spirit   .     (no cloak)
rCorr  .         Warding  .     (no gloves)
rMut   .         Stasis   .     (no boots)
MR     .....                    (no amulet)
Stlth  +.........               (no ring)
                                (no ring)

@: slowed, very slow, not resistant to hostile enchantments, very unstealthy
A: negative energy resistance 1, electricity resistance, unbreathing,
petrification resistance, rot immunity, AC +3
a: no special abilities


You were on level 3 of the Dungeon.
You were not hungry.

You visited 1 branch of the dungeon, and saw 3 of its levels.

You collected 97 gold pieces.

Inventory:

Hand weapons
 a - a +0 quarterstaff (weapon)
 b - a +0 hunting sling
Missiles
 d - 3 throwing nets (quivered)
 q - 47 stones
Armour
 c - a +0 helmet (worn)
 h - a +2 leather armour of poison resistance
 p - a cursed +0 leather armour (worn)
Jewellery
 j - an uncursed amulet of stasis {unknown}
Magical devices
 r - a wand of random effects (30)
Scrolls
 f - a scroll of magic mapping {unknown}
 g - 3 scrolls of remove curse {unknown}
 i - a scroll of enchant weapon {unknown}
 m - 3 scrolls of identify {unknown}
 s - a scroll of teleportation {unknown}
Potions
 k - a potion of might {unknown}
 l - a potion of curing {unknown}
 n - a potion of cure mutation {unknown}
 o - a potion of agility {unknown}
 t - a potion of mutation {unknown}
Comestibles
 e - 2 bread rations {@e1}


   Skills:
 - Level 2.1 Fighting
 * Level 4.4 Staves
 - Level 2.0 Throwing
 - Level 2.4 Dodging


You had 2 spell levels left.
You didn't know any spells.

Dungeon Overview and Level Annotations

Branches:
Dungeon (3/15)

Altars:

Annotations:
D:3 Natasha


Innate Abilities, Weirdness & Mutations

You are resistant to torment.
Your stone body is resilient (AC +3).
You are immune to poison.
You resist negative energy.
You are resistant to electric shocks.
You can survive without breathing.
You are immune to petrification.
You are immune to rotting.


Message History

You feel yourself slow down.
You barely miss Natasha.
Natasha is lightly wounded.
Natasha barely misses you. The iron imp barely misses you.
Natasha howls an incantation.
Natasha's fingertips start to glow.
Natasha claws you but does no damage.
You miss Natasha.
Natasha is lightly wounded.
The iron imp hits you but does no damage.
Natasha claws you! The iron imp closely misses you.
You hit Natasha but do no damage.
Natasha is lightly wounded.
Natasha claws you! Natasha claws you but does no damage. The iron imp hits you.
* * * LOW HITPOINT WARNING * * *
You hit Natasha.
Natasha is heavily wounded.
Natasha casts a spell.
The iron imp hits you!
You die...

##########
#.....@h.#
#....##5......
#....# ..5....
#....# #......
#....+ ......
##...# ######
#####


You could see an iron imp, Natasha and a crimson imp.

Vanquished Creatures
  An adder (D:2)
  2 giant geckos (D:1)
  2 bats (D:1)
  6 goblins
  8 hobgoblins
  2 jackals (D:1)
  3 kobolds
  5 rats (D:1)
29 creatures vanquished.

Notes
Turn   | Place    | Note
--------------------------------------------------------------
     0 | D:1      | derrpe the Gargoyle Gladiator began the quest for the Orb.
     0 | D:1      | Reached XP level 1. HP: 12/12 MP: 1/1
   260 | D:1      | Reached XP level 2. HP: 15/17 MP: 2/2
   633 | D:1      | Reached skill level 4 in Staves
   803 | D:2      | Reached XP level 3. HP: 21/21 MP: 3/3
   982 | D:2      | You fall through a shaft!
   984 | D:3      | Noticed Natasha
   994 | D:3      | Slain by an iron imp

Vault maps used:
D:1:      lemuel_arrival_room
D:2:      overflow_temple_1_default, minmay_goblin_kobold_house
D:3:      forest_paths, nemelex_altar_shiori, nicolae_dithmenos_shadow_blocks,
          grunt_qazlal_clouds, first_bread, uniq_sigmund, uniq_natasha

Action                   || total
-------------------------++-------
Melee: Quarterstaff      ||    81
 Fire: Hunting sling     ||    15
